Map: 포트 알렉산더 - 래더

Players

Dark - Winner!

  • Race: Zerg Zerg
  • League: Grandmaster
  • Spawn Location: 5:00

llllllllllll (Trap)

  • Race: Protoss Protoss
  • League: Master
  • Spawn Location: 11:00

Event: IEM Season 13 - Katowice Server Qualifiers Asia 1

VOD

Have the link to the VOD?

Description

Time

  • Played on: Jan. 14, 2019, 7:02 a.m.
  • Length: 8:14

All games in this series

Show
View Real Time Build Order
Export as new Build Order

Dark Zerg - Winner!

Build Orders: Hatch First 

Get SALT Encoding   

  12  0:00  Drone  
  13  0:12  Overlord  
  13  0:17  Drone  
  14  0:30  Drone x2  
  16  0:48  Hatchery  
  15  0:52  Drone  
  15  0:56  Drone  
  17  1:00  Drone  
  18  1:10  Extractor  
  17  1:16  Spawning Pool  
  17  1:18  Drone  
  17  1:24  Drone  
  18  1:28  Drone  
  19  1:38  Drone  
  20  1:53  Hatchery  
  19  1:58  Drone  
  19  2:00  Drone  
  21  2:02  Drone  
  22  2:11  Queen  
  24  2:20  Queen  
  26  2:25  Overlord  
  26  2:28  Drone  
  27  2:32  Metabolic Boost  
  27  2:36  Zergling x2  
  28  2:44  Drone x2  
  28  2:45  Drone  
  28  2:46  Drone  
  32  2:52  Drone  
  32  2:56  Queen  
  35  3:07  Overlord, Queen  
  35  3:11  Drone  
  35  3:12  Drone  
  38  3:13  Drone  
  38  3:17  Drone  
  38  3:18  Drone  
  41  3:23  Overlord  
  41  3:27  Drone x3  
  44  3:35  Drone x4  
  48  3:42  Overlord  
  48  3:43  Overlord  
  48  3:46  Overlord  
  48  3:47  Drone  
  49  3:51  Spore Crawler  
  49  3:52  Spore Crawler  
  49  3:53  Zergling x2  
  49  3:55  Zergling x2  
  49  4:02  Zergling x2  
  50  4:03  Drone x4  
  50  4:04  Drone  
  50  4:09  Queen  
  57  4:15  Drone x4  
  61  4:20  Drone x2  
  63  4:26  Drone x3  
  63  4:27  Drone  
  63  4:30  Lair  
  67  4:35  Extractor  
  67  4:36  Drone  
  67  4:38  Drone  
  68  4:40  Roach Warren, Drone x2  
  68  4:41  Drone x2  
  68  4:45  Overlord  
  71  4:47  Extractor  
  71  4:49  Extractor, Drone x3  
  71  4:50  Extractor x2  
  70  4:54  Drone x2  
  70  4:55  Drone  
  73  5:05  Drone x4  
  77  5:15  Evolution Chamber  
  77  5:16  Overlord  
  77  5:17  Drone x2  
  77  5:18  Drone x3  
  81  5:25  Overlord x2  
  81  5:32  Overlord  
  81  5:35  Glial Reconstitution  
  81  5:36  Roach x3  
  81  5:37  Roach, Hydralisk Den  
  81  5:38  Overseer  
  81  5:40  Overlord x2  
  81  5:41  Overlord  
  88  5:44  Roach, Hatchery  
  88  5:46  Roach  
  88  5:49  Roach  
  93  5:51  Roach x2  
  97  5:59  Overlord  
  97  6:00  Overlord  
  96  6:10  Grooved Spines  
  96  6:11  Hydralisk  
  96  6:12  Hydralisk x3  
  96  6:15  Overseer  
  96  6:18  Hydralisk x4  
  110  6:25  Drone x3  
  110  6:27  Drone x2  
  110  6:30  Hydralisk x3  
  118  6:34  Hydralisk  
  118  6:35  Hydralisk  
  121  6:42  Roach, Hydralisk x2  
  126  6:48  Hydralisk x2  
  126  6:50  Roach x4  
  138  6:57  Roach x3  
  144  7:08  Overseer  
  144  7:13  Overlord x2  
  144  7:18  Spore Crawler  
  144  7:19  Spire  
  142  7:22  Overlord  
  142  7:24  Roach  
  142  7:26  Hatchery  
  142  7:29  Roach  
  145  7:30  Overlord  
  145  7:33  Ravager x2  
  145  7:34  Ravager, Zergling x8  
  145  7:35  Zergling x2  
  153  7:42  Zergling x4  
  155  7:44  Zergling x6  
  151  7:52  Zergling x2  
  151  7:53  Zergling x10  
  151  7:55  Zergling x6  
  151  7:56  Zergling x2  
Show
View Real Time Build Order
Export as new Build Order

llllllllllll Protoss 

Build Orders: 1 Gate Expand, Oracle Opening, Zealot Archon, Archon Drop 

Get SALT Encoding   

  12  0:00  Probe  
  13  0:12  Probe  
  14  0:18  Pylon  
  14  0:24  Probe  
  15  0:33  Probe  
  15  0:41  Probe  
  16  0:44  Gateway  
  17  0:51  Probe  
  17  0:52  Assimilator  
  18  1:03  Probe  
  19  1:15  Probe  
  20  1:27  Nexus  
  20  1:37  Cybernetics Core  
  20  1:40  Probe  
  21  1:50  Assimilator  
  21  1:52  Probe  
  22  1:57  Pylon  
  22  2:04  Probe  
  22  2:06  Adept  
  25  2:17  Probe  
  26  2:23  Stargate  
  26  2:28  Warp Gate  
  26  2:29  Probe  
  27  2:36  Probe  
  27  2:37  Stalker  
  27  2:38  Probe  
  31  2:45  Probe  
  31  2:46  Probe  
  33  2:54  Probe  
  33  2:56  Probe  
  35  2:59  Oracle  
  35  3:07  Probe  
  35  3:08  Probe  
  35  3:11  Adept  
  42  3:19  Pylon  
  42  3:21  Probe x2  
  44  3:29  Oracle  
  44  3:30  Gateway  
  44  3:33  Probe x2  
  49  3:44  Assimilator  
  49  3:47  Probe, Assimilator  
  51  3:48  Probe  
  51  3:56  Robotics Facility  
  51  4:00  Probe x2  
  51  4:02  Pylon  
  52  4:12  Probe x2  
  52  4:15  Twilight Council  
  54  4:28  Probe x2  
  56  4:32  Zealot x2  
  60  4:38  Gateway x2, Pylon  
  60  4:43  Charge  
  60  4:44  Warp Prism  
  62  4:52  Templar Archives  
  62  5:08  Gateway  
  62  5:09  Gateway  
  62  5:14  Pylon  
  62  5:24  Nexus  
  62  5:28  Pylon  
  62  5:29  Probe x2  
  64  5:39  High Templar  
  64  5:40  High Templar x2  
  64  5:41  Probe x2, High Templar  
  74  5:43  Archon  
  74  5:45  Archon  
  74  5:53  Probe x2  
  74  5:54  Observer  
  77  5:59  Forge  
  77  6:05  Probe x2  
  77  6:08  Stalker  
  81  6:12  Robotics Facility  
  81  6:17  Probe x2  
  83  6:19  Pylon  
  83  6:21  Pylon  
  83  6:24  Psionic Storm  
  83  6:31  Probe x2  
  85  6:37  Zealot x4  
  93  6:41  Zealot x2  
  97  6:52  Probe x3  
  100  6:59  Immortal  
  100  7:00  Immortal  
  100  7:02  Pylon  
  100  7:03  Pylon  
  100  7:04  Probe  
  100  7:05  Probe x2  
  99  7:15  Shield Battery  
  105  7:16  Probe  
  105  7:17  Sentry x3  
  112  7:25  Shield Battery x2  
  112  7:26  Zealot x2  
  116  7:32  Immortal  
  115  7:40  Zealot  
  121  7:45  Zealot x2  
  119  7:53  Zealot x2  
  99  7:58  Zealot  
  91  8:10  Zealot x3  

Tags
 
Add a new tag
Caveats
  • Supply blocks, unpowered buildings, or Contaminate may cause inaccurate times.
  • Supply counts are checked every 10 seconds.